AoeStats
← Its_Sumi_Bruv TTV

Arabia

510299652Analyzed
1v1 RM · 2d ago on Sep 30, 2026· 50m 43s· 2 players
Game mode
Random Map
Map size
Tiny (2 player)
Population
200
Speed
Normal
Resources
Standard
Victory
Conquest
Starting age
Dark Age
Ending age
Imperial Age
RankedLock teamsTeams togetherTeam positionsShared explorationLock speedFull tech treeHidden civsTurbo modeCheats
Victory
Defeat
🇨🇳 Malians · China
374
+14
🇬🇧 Teutons · United Kingdom
326
-14
Its_Sumi_Bruv TTV
3:32 Loom
15:00 Feudal Age
16:25 Double-Bit Axe
16:27 Horse Collar
16:37 Town Watch
17:52 Arson
19:44 Wheelbarrow
20:24 Forging
22:40 Scale Mail Armor
25:32 Castle Age
23:49 Man-at-Arms
25:22 Gold Mining
25:53 Long Swordsman
26:19 Gambesons
39:25 Redemption
40:02 Squires
43:23 Iron Casting
wxm
5:37 Loom
10:58 Feudal Age
11:25 Horse Collar
12:31 Wheelbarrow
16:12 Scale Mail Armor
17:18 Man-at-Arms
19:44 Forging
20:03 Loom
23:43 Castle Age
27:35 Squires
27:19 Long Swordsman
28:25 Thumb Ring
28:31 Thumb Ring
28:36 Crossbowman
29:29 Padded Archer Armor
32:38 Gold Mining
33:23 Elite Skirmisher
37:54 Tigui
40:35 Gold Shaft Mining
39:50 Stone Mining
39:55 Double-Bit Axe
45:03 Imperial Age
42:57 Heavy Plow
42:46 Double-Bit Axe
48:06 Hoardings
46:52 Elite Gbeto
51:21 Farimba
Connection lost

Rejoining the realm…

Still unreachable

The connection could not be restored.

Session expired

The server has moved on; the page needs a fresh start.